 Dungeon Crawl Stone Soup version 0.30-a0-377-g5cb311bc9f (webtiles) character file.

Game seed: 7290728199273707815

51272 zishaf the Fighter (level 13, -1/122 HPs)
             Began as a Demigod Wanderer on Nov 28, 2022.
             Killed from afar by an acid dragon (26 damage)
             ... with a splash of acid
             ... on level 11 of the Dungeon.
             The game lasted 00:40:41 (22700 turns).

zishaf the Fighter (Demigod Wanderer)              Turns: 22700, Time: 00:40:42

Health: -1/122     AC:  3    Str: 14    XL:     13   Next: 89%
Magic:  19/24      EV: 13    Int: 28    God:
Gold:   1117       SH: 15    Dex: 14    Spells: 4/22 levels left

rFire   + . .      SeeInvis .    a - +9 lance "Wyrmbane" {slay drac, rPois rF+ rC+ AC+3}
rCold   + . .      Faith    .    r - +0 kite shield
rNeg    . . .      Spirit   .    x - +0 steam dragon scales
rPois   +          Reflect  +    D - +0 hat
rElec   .          Harm     .    G - +2 cloak
rCorr   .          Rampage  .    (no gloves)
Will    +....                    (no boots)
Stlth   ++........               u - amulet of reflection
HPRegen 0.40/turn                g - +4 ring of evasion
MPRegen 0.19/turn                s - ring of wizardry

@: corroded
A: high MP 1, forlorn, divine attributes
a: no special abilities


You were on level 11 of the Dungeon.
You visited 2 branches of the dungeon, and saw 16 of its levels.

You collected 1117 gold pieces.

Inventory:

Hand Weapons
 a - the +9 lance "Wyrmbane" (weapon) {slay drac, rPois rF+ rC+ AC+3}
   (You took it off Maggie on level 7 of the Dungeon)

   It inflicts extra damage against dragons and draconians.
   AC:        It affects your AC (+3).
   rF:        It protects you from fire.
   rC:        It protects you from cold.
   rPois:     It protects you from poison.
 d - a +1 dagger of flaming
 w - a +2 short sword of speed
Missiles
 o - a throwing net (quivered)
Armour
 e - a +1 leather armour
 r - a +0 kite shield (worn)
 x - +0 steam dragon scales (worn)
 D - a +0 hat (worn)
 G - a +2 cloak (worn)
 M - the +2 ring mail of Girchix {Fly}
   (You found it on level 9 of the Dungeon)

   Fly:       It grants you flight.
 S - the +2 leather armour of Disguise {rPois rC- Int+3 SInv}
   (You found it on level 11 of the Dungeon)

   Int:       It affects your intelligence (+3).
   rC:        It makes you vulnerable to cold.
   rPois:     It protects you from poison.
   SInv:      It lets you see invisible.
Magical Staves
 b - a staff of earth
 z - a staff of air
Jewellery
 g - a +4 ring of evasion (left hand)
 k - a +4 ring of evasion
 m - a ring of see invisible
 q - an amulet of the acrobat
 s - a ring of wizardry (right hand)
 u - an amulet of reflection (around neck)
 I - an amulet of regeneration
Wands
 t - a wand of flame (37)
 A - a wand of iceblast (6)
 C - a wand of charming (14)
 P - a wand of polymorph (5)
 R - a wand of mindburst (5)
Scrolls
 f - 6 scrolls of enchant armour
 j - 6 scrolls of identify
 n - 17 scrolls of teleportation
 y - 2 scrolls of poison
 B - 2 scrolls of summoning
 F - 3 scrolls of fog
 L - a scroll of amnesia
Potions
 c - 14 potions of curing
 h - 2 potions of mutation
 i - 2 potions of might
 l - a potion of cancellation
 p - 4 potions of flight
 v - 3 potions of resistance
 J - a potion of heal wounds
 K - 2 potions of lignification
 N - a potion of brilliance
 O - a potion of ambrosia {unknown}
 Q - a potion of magic {unknown}
 T - a potion of invisibility {unknown}
Miscellaneous
 E - a phial of floods
 H - a condenser vane


   Skills:
 + Level 13.1 Fighting
 + Level 10.6 Polearms
 - Level 1.0 Throwing
 - Level 1.0 Stealth
 + Level 5.7 Shields
 - Level 1.0 Unarmed Combat
 - Level 5.0 Spellcasting
 - Level 9.0 Summonings
 + Level 5.3 Transmutations
 + Level 9.3 Earth Magic
 - Level 4.0 Evocations


You had 4 spell levels left.
You knew the following spells:

 Your Spells              Type           Power      Damage    Failure   Level
a - Lee's Rapid Deconstr  Erth           28%        3d15*     4%          5
A - Animate Armour        Summ/Erth      100%       N/A       1%          4
B - Call Canine Familiar  Summ           55%        N/A       1%          3
C - Statue Form           Tmut/Erth      32%        N/A       45%         6

Your spell library contained the following spells:

 Spells                   Type           Power      Damage    Failure   Level
 Summon Small Mammal      Summ           100%       N/A       1%          1
 Sting                    Tmut/Pois      84%        1d7       2%          1
 Shock                    Conj/Air       28%        1d4       8%          1
 Poisonous Vapours        Pois/Air       14%        N/A       11%         2
 Leda's Liquefaction      Hex/Erth       16%        N/A       11%         4
 Swiftness                Air            7%         N/A       21%         3
 Airstrike                Air            3%         2d(1-17)  54%         4
 Animate Dead             Necr           7%         N/A       54%         4
 Olgreb's Toxic Radiance  Pois           7%         N/A       54%         4
 Haunt                    Necr/Summ      16%        N/A       100%        7
 Infestation              Necr           3%         N/A       100%        8


Dungeon Overview and Level Annotations

Branches:
Dungeon (11/15)            Temple (0/1) D:6            Lair (5/5) D:8
 Shoals (0/4) Lair:2       Spider (0/4) Lair:3        Slime (0/5) Lair:4
    Orc (0/2) D:10

Shops:
D:2 (

Annotations:
D:8 2 transporters, DeathPants's ghost, novice HOFi
D:10 dig vault
Lair:1 1 runed translucent door, Monkooky's ghost, journeyman KoAr
Lair:2 3 runed translucent doors, DeathPants's ghost, journeyman VSEn
Lair:4 1 runed translucent door


Innate Abilities, Weirdness & Mutations

You have an increased reservoir of magic. (+10% MP)
You shall have no god before yourself.
Your divine heritage dramatically boosts your attributes as you level up.


Message History

* * * LOW HITPOINT WARNING * * *
Something bites you.
* * * LOW HITPOINT WARNING * * *
Something draws strength from your injuries!
Your wolf barely misses the acid dragon.
You hit something but do no damage.
Your wolf barely misses the acid dragon.
You block the acid dragon's attack.
The acid dragon claws you but does no damage.
Something hits you.
* * * LOW HITPOINT WARNING * * *
You block something's attack.
You barely miss something.
Your wolf bites the acid dragon but does no damage.
You puncture something!
Your wolf bites the acid dragon.
The acid dragon spits acid at you. The splash of acid misses you.
Something hits you!
* * * LOW HITPOINT WARNING * * *
Something bites you.
* * * LOW HITPOINT WARNING * * *
Something draws strength from your injuries!
You puncture something!
Your wolf closely misses the acid dragon.
The acid dragon spits acid at you. The splash of acid hits you!
* * * LOW HITPOINT WARNING * * *
The acid corrodes you! You block something's attack. x2
Your wolf bites the acid dragon.
You feel much better.
Your wolf barely misses the acid dragon.
You block the acid dragon's attack. x2; Something draws life force from you!
* * * LOW HITPOINT WARNING * * *
The acid dragon attacks as you move away!
You block the acid dragon's attack. The acid dragon misses you.
Your wolf barely misses the acid dragon.
Your wolf bites the acid dragon.
Something hits you but does no damage. You block something's attack.
The acid dragon spits acid at you. The splash of acid hits you!!
You die...

##..#.....#..#####.##.#
#..##.....#..# ##.#...
.#............# #..#...
.......#.###.... ##(....
.#<.#.....# #... #####))
...##.....# ...###...##.
.........## ..##⌠.>.⌠##
#........###....#.......#
.####..@.h.....#.<)⌠)..)
#...[{D.....#.÷.....#
##..........##⌠.>.⌠##
.............##...##.
#..)..#....... ##### #
#.##..#....... # ...
#####...... # .. #.....


You could see an acid dragon (catching breath, ally target), a friendly animated
steam dragon scales (summoned) and a friendly wolf (summoned).

Vanquished Creatures
  Nessos (Lair:4)
  A hydra (Lair:4)
  A boulder beetle (Lair:2)
  A two-headed ogre (D:10)
  7 death yaks
  Sonja (D:10)
  2 skeletal warriors
  Pikel (D:4)
  5 elephants
  A black mamba (Lair:4)
  An unseen horror (D:11)
  7 cane toads
  3 rime drakes
  Psyche (D:8)
  A kobold demonologist (D:10)
  4 komodo dragons
  3 trolls
  2 polar bears
  5 blink frogs
  3 hornets
  Prince Ribbit (D:7)
  2 shadows
  4 wyverns
  3 basilisks
  30 yaks
  5 steam dragons
  A vampire mosquito (D:10)
  13 water moccasins
  6 orc warriors (D:10)
  3 black bears
  13 wolves
  4 centaurs
  A lemure (D:4)
  2 kobold brigands
  14 bullfrogs
  A necrophage (D:7)
  A gnoll sergeant (D:10)
  4 wights
  2 electric eels (D:8)
  6 hounds
  A gnoll bouda (D:4)
  A jelly (D:4)
  5 orc priests
  5 orc wizards
  8 gnolls
  3 adders
  A dart slug (D:2)
  22 orcs
  5 ball pythons
  10 bats
  12 endoplasms
  2 giant cockroaches
  2 goblins
  6 hobgoblins
  9 jackals
  2 quokkas
  6 frilled lizards
  9 kobolds
  6 rats
282 creatures vanquished.

Vanquished Creatures (collateral kills)
  A hydra (Lair:2)
  Erica (D:8)
  2 two-headed ogres (D:10)
  4 death yaks
  A boulder beetle (Lair:4)
  2 skeletal warriors
  A manticore (D:10)
  Maurice (D:8)
  A black mamba (Lair:3)
  A merfolk siren (Lair:2)
  8 elephants
  Maggie (D:7)
  A cane toad (Lair:1)
  3 komodo dragons
  A kobold demonologist (D:11)
  2 rime drakes
  A troll (D:6)
  A polar bear (Lair:2)
  6 blink frogs (Lair:3)
  A shadow (D:10)
  A wyvern (Lair:2)
  19 yaks
  A basilisk (Lair:1)
  Grum (D:8)
  Duvessa (D:5)
  12 water moccasins
  2 orc warriors
  2 black bears
  A sky beast (D:6)
  An ogre (D:6)
  13 wolves
  2 lemures (D:4)
  A kobold brigand (D:10)
  5 bullfrogs
  A gnoll sergeant (D:7)
  5 wights
  Dowan (D:5)
  A vampire bat (Lair:2)
  A howler monkey (D:9)
  A hound (D:6)
  3 jellies
  4 orc priests
  Crazy Yiuf (D:7)
  2 iguanas
  4 orc wizards
  10 gnolls
  An adder (D:4)
  A worm (D:3)
  8 orcs
  2 bats (Lair:2)
  3 endoplasms (D:4)
  A hobgoblin (D:4)
  4 kobolds (D:4)
  A spectral orc (D:4)
157 creatures vanquished.

Vanquished Creatures (others)
  A kobold brigand (D:10)
  19 fungi
  31 plants
  13 toadstools (D:4)
64 creatures vanquished.

Grand Total: 503 creatures vanquished

Notes
Turn   | Place    | Note
-------+----------+-------------------------------------------
     0 | D:1      | zishaf the Demigod Wanderer began the quest for the Orb.
     0 | D:1      | zishaf set off with the following items: a +0 dagger, 9
                  | poisoned darts, a potion of curing, a potion of attraction,
                  | a +0 leather armour; and the following spell memorised:
                  | Summon Small Mammal; and the following spells available to
                  | memorise: Call Canine Familiar, Animate Armour.
     0 | D:1      | Reached XP level 1. HP: 17/17 MP: 5/5
    79 | D:1      | Reached skill level 2 in Fighting
   172 | D:1      | Reached XP level 2. HP: 20/24 MP: 7/7
  1065 | D:1      | Reached XP level 3. HP: 30/30 MP: 8/8
  1113 | D:1      | Learned a level 3 spell: Call Canine Familiar
  1352 | D:2      | Found Xates's Weapon Shop.
  1831 | D:3      | Reached skill level 3 in Fighting
  1919 | D:3      | Reached XP level 4. HP: 21/38 MP: 9/9
  2739 | D:4      | Reached XP level 5. HP: 41/46 MP: 2/10
  2822 | D:4      | Noticed a black bear
  2838 | D:4      | Killed a black bear
  2839 | D:4      | Reached skill level 4 in Fighting
  3028 | D:4      | Noticed Pikel
  3335 | D:4      | Reached XP level 6. HP: 53/53 MP: 7/11
  3345 | D:4      | Reached skill level 5 in Summonings
  3354 | D:4      | Learned a level 4 spell: Animate Armour
  3739 | D:4      | Killed Pikel
  3740 | D:4      | Reached skill level 5 in Fighting
  3740 | D:4      | Reached XP level 7. HP: 12/61 MP: 1/13
  4792 | D:5      | Entered Level 5 of the Dungeon
  5516 | D:5      | Noticed Dowan
  5519 | D:5      | Noticed Duvessa
  5528 | D:5      | Killed Dowan
  5546 | D:5      | Killed Duvessa
  5547 | D:5      | Reached skill level 6 in Fighting
  5547 | D:5      | Reached XP level 8. HP: 70/70 MP: 8/14
  6749 | D:6      | Noticed a troll
  6761 | D:6      | Killed a troll
  7334 | D:6      | Reached skill level 5 in Earth Magic
  7474 | D:5      | Reached skill level 7 in Fighting
  7737 | D:6      | Found a staircase to the Ecumenical Temple.
  7894 | D:6      | Reached XP level 9. HP: 79/79 MP: 8/15
  8232 | D:7      | Noticed Prince Ribbit
  8337 | D:7      | Killed Prince Ribbit
  8398 | D:7      | Noticed Maggie
  8424 | D:7      | Killed Maggie
  8714 | D:7      | Found a runed translucent door.
  8715 | D:7      | Noticed Crazy Yiuf
  9128 | D:7      | Reached skill level 1 in Polearms
  9461 | D:7      | Killed Crazy Yiuf
  9519 | D:8      | Noticed Psyche
  9650 | D:8      | Noticed Grum
  9666 | D:8      | Killed Grum
  9667 | D:8      | Reached skill level 8 in Fighting
  9690 | D:8      | Reached XP level 10. HP: 79/88 MP: 14/19
  9897 | D:8      | Found a staircase to the Lair.
 10305 | D:8      | Noticed Erica
 10369 | D:8      | Killed Erica
 10387 | D:8      | Found a transporter.
 10583 | D:8      | Noticed Maurice
 10683 | D:8      | Killed Psyche
 10684 | D:8      | Reached skill level 9 in Fighting
 10866 | D:8      | Noticed DeathPants's ghost (novice HOFi)
 10875 | D:8      | Found a transporter.
 10991 | D:8      | Noticed a moth of wrath
 11150 | D:8      | Killed Maurice
 11314 | D:9      | Noticed a skeletal warrior
 11525 | D:9      | HP: 4/91 [skeletal warrior/+1 battleaxe of freezing (5)]
 11533 | D:9      | Noticed a skeletal warrior
 11535 | D:9      | Noticed a skeletal warrior
 11776 | Lair:1   | Entered Level 1 of the Lair of Beasts
 11967 | Lair:1   | Reached skill level 5 in Polearms
 12198 | Lair:1   | Reached XP level 11. HP: 94/99 MP: 13/20
 12362 | Lair:1   | Reached skill level 10 in Fighting
 13009 | Lair:1   | Found a runed translucent door.
 13014 | Lair:1   | Identified the +7 spear of Peace {speed, Drain rF+ Dex+3}
 13016 | Lair:1   | Noticed Monkooky's ghost (journeyman KoAr)
 13643 | Lair:2   | Noticed DeathPants's ghost (journeyman VSEn)
 13676 | Lair:2   | Found a runed translucent gate.
 13676 | Lair:2   | Found a runed translucent gate.
 13676 | Lair:2   | Found a runed translucent gate.
 13686 | Lair:2   | Noticed a minotaur
 13875 | Lair:2   | Noticed a death yak
 13886 | Lair:2   | Killed a death yak
 13905 | Lair:2   | Noticed a boulder beetle
 13982 | Lair:2   | Killed a boulder beetle
 13983 | Lair:2   | Reached skill level 11 in Fighting
 14187 | Lair:2   | Noticed a five-headed hydra
 14204 | Lair:2   | Reached skill level 1 in Evocations
 14464 | Lair:2   | Noticed a death yak
 14464 | Lair:2   | Noticed a death yak
 14467 | Lair:2   | Noticed a death yak
 14467 | Lair:2   | Noticed a death yak
 14521 | Lair:2   | Killed a death yak
 14534 | Lair:2   | Killed a death yak
 14571 | Lair:2   | Killed a death yak
 14693 | Lair:2   | Killed a death yak
 14694 | Lair:2   | Reached XP level 12. HP: 98/111 MP: 14/21
 14963 | Lair:2   | Killed a five-headed hydra
 15397 | Lair:2   | Found a staircase to the Shoals.
 15449 | Lair:2   | Reached skill level 1 in Shields
 15468 | Lair:2   | Reached skill level 12 in Fighting
 15776 | Lair:2   | Learned a level 5 spell: Lee's Rapid Deconstruction
 15783 | Lair:2   | Learned a level 6 spell: Statue Form
 15914 | Lair:3   | Reached skill level 1 in Transmutations
 16159 | Lair:2   | Reached skill level 5 in Spellcasting
 16249 | Lair:3   | Found a hole to the Spider Nest.
 17018 | Lair:3   | Reached XP level 13. HP: 88/119 MP: 18/24
 17339 | Lair:4   | Noticed Nessos
 17355 | Lair:4   | Killed Nessos
 18274 | Lair:4   | Found a runed translucent door.
 18275 | Lair:4   | Noticed an acid blob
 18276 | Lair:4   | Noticed an acid blob
 18277 | Lair:4   | Found a staircase to the Slime Pits.
 18277 | Lair:4   | Noticed an acid blob
 18370 | Lair:4   | Reached skill level 10 in Polearms
 18620 | Lair:5   | Entered Level 5 of the Lair of Beasts
 19786 | D:9      | Identified the +2 ring mail of Girchix {Fly}
 19884 | D:9      | Reached skill level 5 in Shields
 20256 | D:10     | Entered Level 10 of the Dungeon
 20684 | D:10     | Paralysed by a hornet for 1 turns
 20771 | D:10     | Found a staircase to the Orcish Mines.
 20817 | D:10     | Noticed Sonja
 20829 | D:10     | Killed Sonja
 20830 | D:10     | Reached skill level 13 in Fighting
 21097 | D:10     | Reached skill level 5 in Transmutations
 22511 | D:11     | Identified the +2 leather armour of Disguise {rPois rC-
                  | Int+3 SInv}
 22700 | D:11     | Killed from afar by an acid dragon

Illustrated notes

Levels and vault maps discovered:
D:1:      spicycebolla_green_bress_n_ham_2, layout_basic,
          ebering_ecumenical_altar_petrified
D:2:      layout_loops_cross, basic_altar, serial_shops, shop
D:3:      layout_rooms, grunt_qazlal_sundering, fedhas_altar_1,
          lemuel_tele_altar
D:4:      cheibrodos_fertilizer, layout_layer_cave,
          yredelemnul_forgotten_temple_becter, serial_rivers,
          chequers_serial_rivers_micro_c, chequers_serial_rivers_small_b,
          chequers_serial_rivers_micro_c, chequers_serial_rivers_room_b,
          chequers_serial_rivers_large_b, chequers_serial_rivers_micro_b,
          kennysheep_generic_room_12, uniq_pikel
D:5:      layout_layer_cave, chequers_temple_overflow_minitemple, uniq_duvessa
D:6:      layout_loops_corners, minmay_temple_entry_statues
D:7:      layout_loops_ring, vehumet_altar_wand_db, grunt_ministairs_6,
          uniq_crazy_yiuf_cottage, uniq_maggie, uniq_prince_ribbit1
D:8:      layout_loops_cross, erik_lair_island,
          gammafunk_ghost_berserking_beasts, uniq_psyche, uniq_erica,
          uniq_maurice, uniq_grum
D:9:      layout_small_grid, kennysheep_opposing_triangles
D:10:     minmay_the_grid_octo_tiled_squarecenter
          [minmay_the_grid_octo_checkerflower, minmay_the_grid_octo_shrine,
          minmay_the_grid_octo_horde, minmay_the_grid_octo_thin_diamonds,
          minmay_the_grid_square_5x5_megaprize_hollow,
          minmay_the_grid_square_5x5_comb, minmay_the_grid_square_5x5_z,
          minmay_the_grid_square_5x5_almost_minimal,
          minmay_the_grid_square_5x5_half_checkered], layout_cave_pools,
          david_orc_3, due_unseen_surprise, uniq_sonja
D:11:     layout_cave_pools, grunt_ministairs_7
Lair:1:   layout_layer_cave, ebering_ghost_funeral_grove, beast_lair_carwin_5
Lair:2:   nzn_winding_woodlands_stair_cross [nzn_winding_woodlands_5x15_eye,
          nzn_winding_woodlands_center_diamonds,
          nzn_winding_woodlands_5x15_sawtooth,
          nzn_winding_woodlands_5x5_closed_star,
          nzn_winding_woodlands_5x5_default,
          nzn_winding_woodlands_5x15_concentric,
          nzn_winding_woodlands_center_pierced_h,
          nzn_winding_woodlands_5x15_garden], layout_small_grid,
          minmay_shoals_entry_lonely_mermaid, maelrawn_ghost_gauntlet_escape,
          roderic_batcave, columned_hall_lemuel, ldierk_geyser,
          beast_lair_carwin_6
Lair:3:   layout_chaotic_city, spider_nest_entry_web_field, grunt_megastairs_3,
          lemuel_fruit_tree
Lair:4:   layout_long_grid, slime_entry_2, eino_small_chamber_without_monster,
          serial_bayou_shore_b, uniq_nessos
Lair:5:   gammafunk_lair_ancient_temple, layout_cellular_growth,
          minmay_stone_trees_small, minivault_24, dreamdust_wasp_nest,
          serial_bayou_shore_b

Skill      XL: |  1  2  3  4  5  6  7  8  9 10 11 12 13 |
---------------+----------------------------------------+-----
Fighting       | 2 3 4 5 6 7 8 9 11 12 13 | 13.1
Spellcasting   | 2 4 5 |  5.0
Summonings     | 3 4 5 6 7 8 9 |  9.0
Earth Magic    | 2 3 5 6 7 8 9 |  9.3
Polearms       | 1 5 8 9 10 | 10.6
Evocations     | 3 4 |  4.0
Shields        | 3 5 |  5.7
Transmutations | 3 5 |  5.3
Throwing       | |  1.0
Stealth        | |  1.0
Unarmed Combat | |  1.0

Action                   |  1- 3 |  4- 6 |  7- 9 | 10-12 | 13-15 || total
-------------------------+-------+-------+-------+-------+-------++-------
Melee: Dagger            |   128 |    53 |       |       |       ||   181
       Punch             |     2 |     2 |     4 |     8 |       ||    16
       Short sword       |       |    71 |   132 |       |       ||   203
       Lance             |       |       |    55 |   643 |   563 ||  1261
       Staff             |       |       |    18 |       |       ||    18
Throw: Dart              |   104 |    61 |    20 |       |       ||   185
       Throwing net      |       |       |     1 |       |       ||     1
 Cast: Call Canine Famil |     1 |    16 |    37 |    65 |    23 ||   142
       Animate Armour    |       |       |    31 |    56 |    28 ||   115
Evoke: Wand              |       |       |     2 |     5 |       ||     7
       Condenser vane    |       |       |       |     1 |       ||     1
  Use: Scroll            |       |     9 |     8 |     4 |     2 ||    23
       Potion            |       |       |       |     2 |     3 ||     5
 Stab: Distracted        |       |       |     3 |     9 |     7 ||    19
       Sleeping          |       |       |     1 |     1 |     5 ||     7
       Confused          |       |       |       |     1 |       ||     1
Armor: Leather armour    |    46 |    20 |    12 |       |       ||    78
       Troll leather arm |       |       |    11 |       |       ||    11
       Steam dragon scal |       |       |     9 |   182 |    89 ||   280
       Ring mail         |       |       |       |       |     1 ||     1
Dodge: Dodged            |    94 |   100 |   163 |   360 |   153 ||   870
Block: Kite shield       |       |       |       |    91 |   303 ||   394
       Reflection        |       |       |       |       |    13 ||    13

Table legend: (Time is in decaauts)
 A = Elapsed time spent in this place.
 B = Non-inter-level travel time spent in this place.
 C = Inter-level travel time spent in this place.
 D = Time resting spent in this place.
 E = Time spent auto-exploring this place.
 F = Levels seen in this place.
 G = Mean time per level.
                   A        B        C        D        E       F      G
               +--------+--------+--------+--------+--------+-----+--------+
         Total |  22422 |  21672 |    750 |   2104 |  15236 |  16 | 1401.4 |
       Dungeon |  15418 |  14869 |    549 |   1506 |  10339 |  11 | 1401.6 |
          Lair |   7004 |   6804 |    200 |    598 |   4896 |   5 | 1400.8 |
               +--------+--------+--------+--------+--------+-----+--------+

Top non-repeatable levels by time:
     D:4: 2346 daAuts
  Lair:2: 2161 daAuts
     D:8: 2154 daAuts
  Lair:1: 2029 daAuts
     D:5: 1840 daAuts
    D:10: 1816 daAuts
  Lair:4: 1531 daAuts
     D:6: 1442 daAuts
     D:7: 1350 daAuts
     D:9: 1319 daAuts
  Lair:3: 1268 daAuts
     D:1: 1132 daAuts
     D:3: 888 daAuts
     D:2: 600 daAuts
    D:11: 526 daAuts
